cohdb
Replays
Latest Replays
All Replays
Popular Replays
Top Player Replays
Match Explorer
How It Works
Community
CoH3 Stats
Reddit
Sign in to upload your games and track your stats! →
Sign in with Steam
Match 45926017
Unlisted
Match 45926017
Overview
Messages
Build Orders
End
Kettenkrad Recon Vehicle
Construct Infanterie Kompanie
Selects Terror Battlegroup
Selects Machine Gun Camouflage
MG 42 Machine Gun Team
Grenadier Squad
MG 42 Machine Gun Team
Construct Panzergrenadier Kompanie
Pak 40 Anti-tank Gun Team
Medical Station
Support Elements
Nebelwerfer 42 Rocket Launcher Team
Panzergrenadier Squad
Panzergrenadier Squad
Selects Contempt for the Weak
Selects Jericho Trumpet
Nebelwerfer 42 Rocket Launcher Team
Construct Panzer Kompanie
Selects No Quarter
Sturmpanzer IV Brummbär
Pak 40 Anti-tank Gun Team
Jericho Trumpet
Pioneer Squad
Nukepapa
blackbirddayo
MCSavarino
jorge7289
0
0
Comments
sign in to comment!
No comments posted yet!